 Dungeon Crawl Stone Soup version 0.22-b1-21-g5cfc1688f2 (webtiles) character file.

528 Jorund the Insei (level 7, 0/52 HPs)
             Began as a Demonspawn Monk on Aug 7, 2018.
             Slain by an orc warrior
             ... wielding a +0 trident
              (21 damage)
             ... on level 6 of the Dungeon.
             The game lasted 00:09:04 (5282 turns).

Jorund the Insei (Demonspawn Monk)                  Turns: 5282, Time: 00:09:05

Health: 0/52       AC:  9    Str: 16    XL:     7   Next: 3%
Magic:  7/7        EV: 13    Int: 13    God:
Gold:   180        SH:  0    Dex: 16    Spells: 6/6 levels left

rFire    . . .     SeeInvis .     - Unarmed
rCold    + . .     Gourm    .   (no shield)
rNeg     . . .     Faith    .   a - +0 robe
rPois    .         Spirit   .   (no helmet)
rElec    .         Reflect  .   (no cloak)
rCorr    .         Harm     +   j - +2 pair of gloves
MR       +....                  q - +0 pair of boots
Stlth    ++........             p - amulet of harm
HPRegen  0.17/turn              d - ring of protection from magic
MPRegen  0.10/turn              s - ring of protection from cold

@: mighty
A: icy blue scales 2, powered by pain 1, spiny 1
a: no special abilities


You were on level 6 of the Dungeon.
You were not hungry.

You visited 2 branches of the dungeon, and saw 7 of its levels.
You also visited: Sewer.

You collected 180 gold pieces.

Inventory:

Hand Weapons
 x - a +0 blowgun
Missiles
 y - 26 poisoned needles
Armour
 a - a +0 robe (worn)
 j - a +2 pair of gloves (worn)
 q - a +0 pair of boots (worn)
 r - a cursed -1 ring mail
Jewellery
 d - a ring of protection from magic (left hand)
 m - an uncursed ring of resist corrosion
 p - an amulet of harm (around neck)
 s - a ring of protection from cold (right hand)
 u - an uncursed ring of positive energy
Wands
 z - a wand of flame (37)
Scrolls
 c - 2 scrolls of enchant weapon
 f - 2 scrolls of teleportation {unknown}
 g - 7 scrolls of remove curse
 h - 2 scrolls of fog {unknown}
 k - 2 scrolls of amnesia {unknown}
 l - a scroll of enchant armour {unknown}
 o - 3 scrolls of identify
 t - 2 scrolls of blinking
 v - 5 scrolls of fear {unknown}
 A - 3 scrolls of magic mapping {unknown}
Potions
 e - 3 potions of brilliance
 i - 2 potions of heal wounds
 n - 2 potions of haste
Comestibles
 b - 6 rations
 B - a chunk of flesh


   Skills:
 - Level 3.0 Fighting
 - Level 2.6 Dodging
 - Level 1.7 Stealth
 + Level 7.3 Unarmed Combat


You had 6 spell levels left.
You didn't know any spells.
Your spell library was empty.

Dungeon Overview and Level Annotations

Branches:
Dungeon (6/15)             Temple (1/1) D:5

Altars:
Ashenzari
Cheibriados
Dithmenos
Fedhas
Gozag
Hepliaklqana
Kikubaaqudgha
Makhleb
Nemelex Xobeh
Qazlal
Ru
Trog
Uskayaw
Vehumet
Wu Jian
Xom
Yredelemnul
Zin
The Shining One

Annotations:
D:4 exclusion: orc wizard


Innate Abilities, Weirdness & Mutations

You are mostly covered in icy blue scales. (AC +3)
You sometimes gain a little power by taking damage.
You are partially covered in sharp spines.


Message History

The orc warrior closely misses you.
You feel very mighty all of a sudden.
The orc warrior hits you but does no damage.
You barely miss the orc warrior.
The orc warrior is moderately wounded.
The orc warrior hits you with a trident!
You are too injured to fight recklessly!
You are too injured to fight recklessly!
You hit the orc warrior but do no damage.
The orc warrior is moderately wounded.
The orc warrior is struck by your spines.
The orc warrior closely misses you.
You closely miss the orc warrior.
The orc warrior is moderately wounded.
The orc warrior hits you but does no damage.
You hit the orc warrior.
The orc warrior is moderately wounded.
The orc warrior is struck by your spines.
The orc warrior hits you with a trident!!
You die...

#.##.# #.#.....#.##.# #..
#.##.# #.##....#.##.# #.#
#.##.# #.##....#.##.# #.#
#o##.# #.##....#.##.###.#
#o##.# #.......#.##.....#
#.##.#########.##.########
#.##............#.#
#.###############.
#.....ooo@........
#.###############. ###


You could see an orc warrior and 2 orcs.

Vanquished Creatures
  A big kobold (Sewer)
  2 hounds (D:5)
  2 orc wizards (D:6)
  5 worker ants
  A worker ant zombie (D:5)
  8 adders
  A gnoll (D:1)
  A river rat (Sewer)
  3 oozes
  6 worms
  5 dart slugs
  7 leopard geckos
  4 orcs
  10 bats
  9 giant cockroaches
  2 goblins
  3 hobgoblins (D:3)
  2 jackals (D:6)
  8 kobolds
  2 quokkas
  2 ball pythons
  4 frilled lizards
  A leopard gecko zombie (D:6)
  7 rats
96 creatures vanquished.

Vanquished Creatures (others)
  An orc priest (D:5)
  2 orc wizards (D:5)
  An orc (D:5)
4 creatures vanquished.

Grand Total: 100 creatures vanquished

Notes
Turn   | Place    | Note
-------+----------+-------------------------------------------
     0 | D:1      | Jorund the Demonspawn Monk began the quest for the Orb.
     0 | D:1      | Reached XP level 1. HP: 18/18 MP: 1/1
    59 | D:1      | Reached skill level 3 in Unarmed Combat
   128 | D:1      | Gained mutation: You sometimes gain a little power by taking damage. [demonic ancestry]
   128 | D:1      | Reached XP level 2. HP: 24/24 MP: 2/2
   456 | D:1      | Gained mutation: You are partially covered in icy blue scales. (AC +2) [demonic ancestry]
   456 | D:1      | Reached XP level 3. HP: 10/29 MP: 3/3
   926 | D:2      | Reached skill level 4 in Unarmed Combat
  1766 | D:2      | Gained mutation: You are partially covered in sharp spines. [demonic ancestry]
  1766 | D:2      | Reached XP level 4. HP: 35/35 MP: 4/4
  2208 | D:3      | Found a glowing silver altar of Zin.
  2208 | D:3      | Found a shattered altar of Ashenzari.
  2208 | D:3      | Found a bloodstained altar of Trog.
  2509 | D:3      | Found a sacrificial altar of Ru.
  2680 | D:3      | Reached skill level 5 in Unarmed Combat
  3157 | D:4      | Reached XP level 5. HP: 36/41 MP: 5/5
  3634 | D:5      | Entered Level 5 of the Dungeon
  3684 | D:5      | Found a stormy altar of Qazlal.
  3684 | D:5      | Found a blossoming altar of Fedhas.
  3722 | D:5      | Reached skill level 6 in Unarmed Combat
  3823 | D:5      | Found a glowing drain.
  3837 | Sewer    | Entered a sewer
  3915 | Sewer    | Reached XP level 6. HP: 46/47 MP: 6/6
  4397 | D:5      | Reached skill level 7 in Unarmed Combat
  4483 | D:5      | Found a staircase to the Ecumenical Temple.
  4718 | Temple   | Entered the Ecumenical Temple
  5047 | D:6      | Noticed an ice beast
  5120 | D:6      | Gained mutation: You are mostly covered in icy blue scales. (AC +3) [demonic ancestry]
  5120 | D:6      | Reached XP level 7. HP: 49/52 MP: 7/7
  5282 | D:6      | Slain by an orc warrior

Skill      XL: |  1  2  3  4  5  6 |
---------------+-------------------+-----
Unarmed Combat | 3 4 5 6 7 |  7.3
Fighting       | |  3.0
Dodging        | |  2.6
Stealth        | |  1.7

Action                   |  1- 3 |  4- 6 |  7- 9 || total
-------------------------+-------+-------+-------++-------
Melee: Unarmed           |   112 |   191 |    12 ||   315
       Punch             |       |     3 |       ||     3
  Use: Potion            |     1 |     1 |     1 ||     3
       Scroll            |     3 |     5 |       ||     8
 Stab: Sleeping          |     4 |     4 |       ||     8
  Eat: Chunk             |     3 |    10 |     1 ||    14
Armor: Robe              |    24 |    43 |     2 ||    69
Dodge: Dodged            |    94 |    93 |     8 ||   195
